 Dungeon Crawl Stone Soup version 0.30-a0-986-g7f2e898f52 (webtiles) character file.

Game seed: 17206164751362065016

80455 Frod the Frost Mage (level 16, -1/122 HPs)
             Began as a Human Ice Elementalist on Apr 1, 2023.
             Was a High Priest of Sif Muna.
             Slain by a skeletal warrior
             ... wielding a +0 glaive
              (13 damage)
             ... on level 14 of the Dungeon.
             The game lasted 03:07:43 (28302 turns).

Frod the Frost Mage (Human Ice Elementalist)       Turns: 28302, Time: 03:07:45

Health: -1/122     AC: 19    Str: 11    XL:     16   Next: 14%
Magic:  47/50      EV: 17    Int: 28    God:    Sif Muna [*****.]
Gold:   1308       SH:  0    Dex: 22    Spells: 5/40 levels left

rFire   . . .      SeeInvis +    a - +8 spear
rCold   + + +      Faith    .    (no shield)
rNeg    . . .      Spirit   .    v - +2 ring mail "Enorgh" {rElec rC+++ Will- MP+9 SInv}
rPois   .          Reflect  .    P - +2 hat
rElec   +          Rampage  .    I - +0 cloak of Docrur {Int+6}
rCorr   .                        (no gloves)
Will    .....                    H - +1 pair of boots
Stlth   ++                       y - amulet "Ymewnahudd" {RegenMP Str+3 SInv}
HPRegen 0.40/turn                L - ring of magical power
MPRegen 0.72/turn                c - +6 ring of dexterity

@: ice-armoured, about to teleport, on berserk cooldown, slowed, very slow
A: no striking features
a: Renounce Religion, Channel Magic, Forget Spell, Divine Exegesis


You were on level 14 of the Dungeon.
You worshipped Sif Muna.
Sif Muna was extremely pleased with you.
You visited 4 branches of the dungeon, and saw 22 of its levels.
You also visited: Ossuary.

You collected 2324 gold pieces.
You spent 1016 gold pieces at shops.

Inventory:

Hand Weapons
 a - a +8 spear (weapon)
Missiles
 s - 10 javelins (quivered)
Armour
 b - a +2 robe of fire resistance
 v - the +2 ring mail "Enorgh" (worn) {rElec rC+++ Will- MP+9 SInv}
   (You found it on level 5 of the Lair of Beasts)

   rC:        It renders you almost immune to cold.
   rElec:     It insulates you from electricity.
   MP:        It affects your magic capacity (+9).
   SInv:      It lets you see invisible.
   Will:      It decreases your willpower.
 w - an orb of energy
 H - a +1 pair of boots (worn)
 I - the +0 cloak of Docrur (worn) {Int+6}
   (You found it on level 5 of the Lair of Beasts)

   Int:       It affects your intelligence (+6).
 P - a +2 hat (worn)
Magical Staves
 m - a staff of earth
 r - a staff of air
 N - a staff of poison
Jewellery
 c - a +6 ring of dexterity (right hand)
 j - a ring of willpower
 u - a ring of ice
 y - the amulet "Ymewnahudd" (around neck) {RegenMP Str+3 SInv}
   (You found it on level 5 of the Dungeon)

   [amulet of magic regeneration]

   It increases your rate of magic regeneration.
   Str:       It affects your strength (+3).
   SInv:      It lets you see invisible.
 L - a ring of magical power (left hand)
 X - an amulet of regeneration
Wands
 A - a wand of digging (2)
 B - a wand of light (5)
 C - a wand of paralysis (18)
 D - a wand of mindburst (11)
 E - a wand of iceblast (25)
 J - a wand of flame (20)
Scrolls
 h - 4 scrolls of fear
 i - 2 scrolls of poison
 k - 2 scrolls of silence
 l - 2 scrolls of torment
 n - 6 scrolls of vulnerability
 F - 4 scrolls of immolation
 G - a scroll of butterflies
 R - 2 scrolls of fog
 S - a scroll of blinking
 U - a scroll of magic mapping
Potions
 d - 6 potions of attraction
 e - 2 potions of flight
 f - 3 potions of heal wounds
 g - 2 potions of resistance
 o - 2 potions of brilliance
 p - 16 potions of curing
 q - 4 potions of magic
 t - 5 potions of haste
 x - 7 potions of might
 z - a potion of berserk rage
 M - 2 potions of cancellation
 V - 3 potions of ambrosia
 W - 4 potions of lignification
 Y - 3 potions of invisibility
Miscellaneous
 T - a phantom mirror (inert)


   Skills:
 - Level 10.0 Fighting
 - Level 10.0 Dodging
 - Level 3.0 Stealth
 + Level 12.5 Spellcasting
 - Level 5.0 Conjurations
 - Level 5.0 Summonings
 * Level 1.1 Necromancy
 - Level 5.0 Translocations
 + Level 14.0 Ice Magic
 + Level 3.8 Air Magic
 * Level 1.1 Earth Magic
 * Level 9.9 Poison Magic
 + Level 5.9 Invocations


You had 5 spell levels left.
You knew the following spells:

 Your Spells              Type           Power      Damage    Failure   Level
a - Freeze                Ice            100%       1d10      1%          1
b - Searing Ray           Conj           90%        2d7       1%          2
c - Frozen Ramparts       Ice            100%       1d16      1%          3
d - Hailstorm             Conj/Ice       63%        3d13      1%          3
e - Olgreb's Toxic Radia  Pois           65%        N/A       1%          4
f - Freezing Cloud        Conj/Ice/Air   28%        6-21      9%          5
g - Summon Ice Beast      Ice/Summ       63%        N/A       1%          4
i - Vhi's Electric Charg  Tloc/Air       84%        N/A       3%          3
l - Blink                 Tloc           90%        N/A       1%          2
o - Ozocubu's Armour      Ice            77%        N/A       1%          3
p - Passage of Golubria   Tloc           45%        N/A       10%         4
A - Necrotise             Necr           92%        1d8       4%          1

Your spell library contained the following spells:

 Spells                   Type           Power      Damage    Failure   Level
 Apportation              Tloc           90%        N/A       1%          1
 Magic Dart               Conj           100%       1d8       1%          1
 Sting                    Tmut/Pois      100%       1d8       1%          1
 Summon Small Mammal      Summ           100%       N/A       1%          1
 Poisonous Vapours        Pois/Air       100%       N/A       1%          2
 Mephitic Cloud           Conj/Pois/Air  51%        N/A       1%          3
 Foxfire                  Conj/Fire      100%       2x1d6     2%          1
 Slow                     Hex            68%        N/A       8%          1
 Manifold Assault         Tloc           45%        N/A       10%         4
 Summon Lightning Spire   Summ/Air       42%        N/A       12%         4
 Metabolic Englaciation   Hex/Ice        27%        N/A       12%         5
 Vampiric Draining        Necr           23%        2d7       14%         3
 Confusing Touch          Hex            17%        N/A       22%         3
 Tukima's Dance           Hex            17%        N/A       22%         3
 Fulminant Prism          Conj/Hex       15%        3d10      26%         4
 Plasma Beam              Fire/Air       14%        2x1d18    67%         5
 Silence                  Hex/Air        14%        N/A       67%         5
 Borgnjor's Vile Clutch   Necr/Erth      11%        N/A       80%         5
 Yara's Violent Unravell  Hex/Tmut       8%         3d5       91%         5
 Statue Form              Tmut/Erth      13%        N/A       100%        6
 Storm Form               Tmut/Air       14%        N/A       100%        7
 Maxwell's Capacitive Co  Air            19%        ∞         100%        8


Dungeon Overview and Level Annotations

Branches:
Dungeon (14/15)            Temple (1/1) D:5            Lair (5/5) D:11
  Swamp (0/4) Lair:2        Snake (0/4) Lair:2        Slime (0/5) Lair:4
    Orc (2/2) D:12            Elf (0/3) Orc:2        Vaults (0/5) D:13
Ossuary (visited)

Altars:
Ashenzari
Cheibriados
Dithmenos
Elyvilon
Fedhas
Gozag
Hepliaklqana
Kikubaaqudgha
Makhleb
Nemelex Xobeh
Okawaru
Qazlal
Ru
Sif Muna
Trog
Uskayaw
Vehumet
Wu Jian
Xom
Yredelemnul
Zin
The Shining One
Jiyva

Shops:
D:3 (   D:5 !   D:7 (   D:9 *   D:10 =   D:11 =   D:12 *   Orc:1 *   Orc:2 (*!(


Message History

Press: ? - help, Dir - move target, f/p - skeletal warrior
Aim: a skeletal warrior, wielding a +0 flail (heavily damaged, about 25% to evade your +8 spear)
You barely miss the skeletal warrior.
The skeletal warrior is heavily damaged.
The skeletal warrior barely misses you.
The skeletal warrior hits you with a +0 war axe!
Reach: a) +8 spear
Press: ? - help, Dir - move target, f/p - skeletal warrior
Aim: a skeletal warrior, wielding a +0 flail (heavily damaged, about 25% to evade your +8 spear)
You closely miss the skeletal warrior.
The skeletal warrior is heavily damaged.
You are no longer berserk.
You are exhausted.
You feel yourself slow down.
The skeletal warrior hits you from afar with a +0 trident!
The skeletal warrior hits you with a +0 war axe!
The skeletal warrior misses you.
As you read the scroll of teleportation, it crumbles to dust.
You feel strangely unstable.
The skeletal warrior hits you with a +0 flail!
The skeletal warrior completely misses you.
The skeletal warrior misses you.
The skeletal warrior hits you from afar with a +0 glaive.
The skeletal warrior closely misses you.
The skeletal warrior barely misses you.
Okay, then.
Casting: Frozen Ramparts (safe; 1% risk of failure)
Confirm with . or Enter, or press ? or * to list all spells.
A chill wind blows around you.
The skeletal warrior hits you with a +0 war axe.
The skeletal warrior hits your ice beast with a +0 war axe!
The skeletal warrior hits you from afar with a +0 glaive.
The skeletal warrior hits you with a +0 flail!
* * * LOW HITPOINT WARNING * * *
The skeletal warrior hits you from afar with a +0 trident!!
* * * LOW HITPOINT WARNING * * *
The skeletal warrior barely misses you.
The skeletal warrior hits your ice beast with a +0 war axe!!
The skeletal warrior hits you from afar with a +0 glaive!
You die...

~~~###.# #......#####.# ~~~~zz.
~~~~##.# #............# ~~~~~~
~~~# #.###......#########~†~~~ #
~~# ##~~####.............#~~~ ..
~####~~~~###############.#.~ ...
####~~~~~~## #.#.# ....
###~~~~~~~~## ##.#.#.....
..~÷~~~~~~~~###########..(.......
.)~~~~~~~~~~~...@)z......#.#.....
.~~~~~~~~~~~~~##zzz.....##.#.....
.~~~~~~~~~~~~~##.Y.....###.# ....
.~~~~~~~~~~~~###.......# #.# ....
.#~~~~~~~~~~## #......## #.# ...
.##~~~~~~~~## #..!...# #.# ...
####~~~~~~## #......# #.# ....~.
#......# ... #......#


You could see 4 skeletal warriors and a friendly ice beast (summoned).

Vanquished Creatures
  Kirke (D:13)
  An azure jelly (Lair:5)
  2 dire elephants (Lair:5)
  An ettin (Orc:2)
  Fannar (Orc:1)
  2 hydras
  3 centaur warriors
  2 catoblepae
  2 dancing weapons (D:13)
  4 two-headed ogres
  4 boulder beetles
  3 death yaks (Lair:5)
  5 orc high priests (Orc:2)
  Nergalle (Lair:3)
  A skeletal warrior (D:14)
  A skyshark (Lair:5)
  A bog body (Lair:2)
  A deep elf pyromancer (D:13)
  A wizard (D:14)
  4 lindwurms
  A phantasmal warrior (Lair:2)
  An orc sorcerer (Orc:1)
  8 orc knights
  3 cyclopes
  A manticore (D:14)
  2 ugly things
  2 elephants (Lair:5)
  7 black mambas
  A torpor snail (Lair:4)
  17 cane toads
  A gargoyle (D:11)
  An unseen horror (D:10)
  4 kobold demonologists
  4 rime drakes
  A freezing wraith (D:14)
  10 komodo dragons
  A wind drake (shapeshifter) (D:13)
  6 trolls
  A polar bear (Lair:5)
  2 tarantellas (Lair:3)
  A tarantella (shapeshifter) (D:14)
  14 blink frogs
  A blink frog (shapeshifter) (Lair:5)
  A dream sheep (Lair:5)
  3 slime creatures (Lair:5)
  Sigmund (D:4)
  A human (shapeshifter) (Lair:5)
  A shadow (D:10)
  6 wraiths
  39 yaks
  5 wyverns
  A vampire (D:11)
  A basilisk (D:13)
  A human (Lair:2)
  12 vampire mosquitoes
  6 hogs (D:13)
  2 steam dragons
  4 nagas (Lair:2)
  A swamp worm (Lair:2)
  A warg (Orc:2)
  7 acid dragons
  8 water moccasins
  28 orc warriors
  Pargi (D:4)
  6 ice beasts
  A sky beast (D:7)
  19 wolves
  10 ogres
  8 centaurs
  4 kobold brigands
  2 phantoms
  2 scorpions
  9 bullfrogs
  A gnoll sergeant (D:12)
  11 wights
  4 killer bees (D:10)
  The ghost of Azronical the Digger, a weakling DrEE (D:3)
  8 electric eels
  2 howler monkeys
  3 lava snakes (Lair:3)
  8 hounds
  5 jellies
  24 orc priests
  A gnoll bouda (D:7)
  An iron imp (D:9)
  3 sleepcaps
  8 iguanas
  11 orc wizards
  5 hell rats (Lair:4)
  13 mummies (Ossuary)
  14 gnolls
  7 adders
  3 ufetubi
  8 worms
  2 dart slugs
  75 orcs
  5 ball pythons
  4 bats
  4 endoplasms
  3 giant cockroaches
  9 goblins
  3 hobgoblins
  7 jackals
  2 quokkas
  5 frilled lizards
  2 gnoll skeletons (Ossuary)
  A goblin skeleton (Ossuary)
  26 kobolds
  3 kobold skeletons (Ossuary)
  2 orc skeletons (Ossuary)
  4 rats
  11 rat skeletons (Ossuary)
631 creatures vanquished.

Vanquished Creatures (collateral kills)
  An ettin (Orc:2)
  A death knight (D:14)
  A skeletal warrior (D:14)
  An ugly thing (D:12)
  An orc knight (Orc:2)
  A black mamba (Lair:5)
  A cane toad (Lair:5)
  2 rime drakes
  A polar bear (Lair:5)
  A dream sheep (Lair:5)
  A slime creature (Lair:5)
  3 yaks
  A vampire (D:14)
  2 water elementals (D:14)
  2 basilisks
  2 vampire mosquitoes (D:12)
  An orc warrior (Orc:2)
  2 wolves (Lair:5)
25 creatures vanquished.

Vanquished Creatures (others)
  A human (D:13)
  An orc wizard (D:4)
  36 fungi
  66 plants
104 creatures vanquished.

Grand Total: 760 creatures vanquished

Notes
Turn   | Place    | Note
-------+----------+-------------------------------------------
     0 | D:1      | Frod the Human Ice Elementalist began the quest for the
                  | Orb.
     0 | D:1      | Reached XP level 1. HP: 13/13 MP: 3/3
   422 | D:1      | Reached XP level 2. HP: 17/19 MP: 0/5
   947 | D:2      | Reached XP level 3. HP: 20/24 MP: 3/6
   973 | D:2      | Learned a level 3 spell: Frozen Ramparts
  1590 | D:3      | Reached XP level 4. HP: 30/30 MP: 2/7
  1709 | D:3      | Found Viziu's Antique Weapon Boutique.
  2030 | D:3      | Found a blossoming altar of Fedhas.
  2036 | D:3      | Found a radiant altar of Vehumet.
  2124 | D:3      | Reached XP level 5. HP: 35/35 MP: 3/9
  2260 | D:3      | Learned a level 3 spell: Ozocubu's Armour
  2263 | D:3      | Learned a level 2 spell: Searing Ray
  2267 | D:3      | Found a runed translucent gate.
  2267 | D:3      | Found a runed translucent gate.
  2267 | D:3      | Found a runed translucent gate.
  2267 | D:3      | Noticed Azronical's ghost (weakling DrEE)
  2412 | D:3      | Noticed an ogre
  2750 | D:4      | Reached skill level 5 in Ice Magic
  2763 | D:4      | Reached skill level 1 in Conjurations
  2894 | D:4      | Reached XP level 6. HP: 41/41 MP: 3/10
  3348 | D:4      | Found a glowing golden altar of the Shining One.
  3511 | D:4      | Noticed Pargi
  3526 | D:4      | Noticed Sigmund
  3554 | D:4      | Reached XP level 7. HP: 14/46 MP: 1/12
  3746 | D:4      | Found a transporter.
  3828 | D:4      | Found a transporter.
  3962 | D:4      | Killed Sigmund
  4066 | D:4      | Killed Pargi
  4067 | D:4      | Reached skill level 6 in Ice Magic
  4300 | D:4      | Reached XP level 8. HP: 51/52 MP: 3/14
  4707 | D:5      | Entered Level 5 of the Dungeon
  4758 | D:5      | Found Raiptue's Distillery.
  4761 | D:5      | Bought a potion of heal wounds for 55 gold pieces
  4761 | D:5      | Bought a potion of haste for 110 gold pieces
  4769 | D:5      | Found a sand-covered staircase.
  4866 | Ossuary  | Entered an ossuary
  5430 | Ossuary  | Reached skill level 5 in Spellcasting
  6072 | D:5      | Identified the amulet "Ymewnahudd" {RegenMP Str+3 SInv}
  6112 | D:5      | Found a staircase to the Ecumenical Temple.
  6120 | Temple   | Entered the Ecumenical Temple
  6154 | Temple   | Upgraded the game from 0.30-a0-972-gf3ab3527aa to
                  | 0.30-a0-986-g7f2e898f52
  6379 | D:5      | Reached skill level 7 in Ice Magic
  6478 | D:5      | Found a shadowy altar of Dithmenos.
  6630 | D:5      | Found a basalt altar of Yredelemnul.
  6864 | D:6      | Reached skill level 5 in Conjurations
  6999 | D:6      | Reached XP level 9. HP: 57/57 MP: 15/17
  7010 | D:6      | Noticed a boulder beetle
  7692 | D:7      | Reached skill level 1 in Fighting
  7748 | D:7      | Reached skill level 8 in Ice Magic
  7911 | D:7      | Learned a level 4 spell: Summon Ice Beast
  8122 | D:7      | Reached skill level 1 in Summonings
  8147 | D:7      | Found Saah's Antique Weapon Boutique.
  8168 | D:6      | Found a broken altar of Ashenzari.
  8168 | D:6      | Found a glowing silver altar of Zin.
  8171 | D:6      | Found an ornate altar of the Wu Jian Council.
  8755 | D:7      | Reached XP level 10. HP: 69/70 MP: 17/20
  9403 | D:3      | Killed Azronical's ghost
  9808 | D:8      | Learned a level 1 spell: Necrotise
  9826 | D:8      | Reached skill level 9 in Ice Magic
  9914 | D:8      | Found an iron altar of Okawaru.
 10095 | D:8      | Found a bloodstained altar of Trog.
 10630 | D:9      | Identified the +4 dagger "Geityir" {flame, rElec Str-5
                  | Dex+9 Stlth-}
 10641 | D:9      | Found a white marble altar of Elyvilon.
 10668 | D:9      | Found Esemumpa's Island Escapes.
 10705 | D:9      | Reached skill level 5 in Fighting
 10869 | D:9      | Found a sacrificial altar of Ru.
 11115 | D:9      | Found a snail-covered altar of Cheibriados.
 11384 | D:9      | Found a burning altar of Makhleb.
 11498 | D:9      | Bought a scroll of fog for 48 gold pieces
 11498 | D:9      | Bought a wand of digging (4) for 201 gold pieces
 11498 | D:9      | Bought a potion of invisibility for 96 gold pieces
 11656 | D:6      | HP: 3/74 [boulder beetle (19)]
 11659 | D:6      | Reached XP level 11. HP: 11/80 MP: 23/23
 11678 | D:6      | Killed a boulder beetle
 11679 | D:6      | Reached skill level 5 in Summonings
 12033 | D:10     | Entered Level 10 of the Dungeon
 12159 | D:10     | Reached skill level 10 in Ice Magic
 12224 | D:10     | Noticed a two-headed ogre
 12239 | D:10     | Killed a two-headed ogre
 12272 | D:10     | Found Hilesh's Jewellery Shoppe.
 12848 | D:10     | Found a shimmering blue altar of Sif Muna.
 12985 | D:10     | Became a worshipper of Sif Muna the Loreminder
 12991 | D:10     | Got Sif Muna's Tome of Burning
 13103 | D:11     | Noticed a centaur warrior
 13349 | D:11     | Reached skill level 5 in Dodging
 13425 | D:11     | Found a staircase to the Lair.
 13506 | D:11     | Killed a centaur warrior
 13507 | D:11     | Reached XP level 12. HP: 25/91 MP: 24/25
 14104 | D:11     | Found Pukudd's Jewellery Emporium.
 14146 | D:11     | Found an ornate altar of the Wu Jian Council.
 14187 | D:11     | Noticed a two-headed ogre
 14205 | D:11     | Killed a two-headed ogre
 14206 | D:11     | Reached skill level 11 in Ice Magic
 14737 | D:12     | Found a staircase to the Orcish Mines.
 14742 | D:12     | Reached * piety under Sif Muna
 14754 | D:12     | Noticed a two-headed ogre
 14770 | D:12     | Killed a two-headed ogre
 15123 | D:12     | Reached skill level 10 in Spellcasting
 15392 | D:12     | Found Lighie's General Store.
 15398 | D:12     | Bought a scroll of blinking for 120 gold pieces
 15398 | D:12     | Bought a scroll of teleportation for 48 gold pieces
 15409 | D:12     | Learned a level 3 spell: Hailstorm
 15563 | Lair:1   | Entered Level 1 of the Lair of Beasts
 15647 | Lair:1   | Identified the +6 scimitar "Coos" {drain, Will- Str+2
                  | Dex+3}
 15813 | Lair:1   | You fall into a shaft and drop 1 floor!
 15849 | Lair:1   | Found a bloodstained altar of Trog.
 15944 | Lair:1   | Reached XP level 13. HP: 101/101 MP: 27/27
 15946 | Lair:1   | Reached ** piety under Sif Muna
 16098 | Lair:1   | Reached skill level 12 in Ice Magic
 16449 | Lair:2   | Found a staircase to the Snake Pit.
 16629 | Lair:2   | Identified the ring "Emedaukhlo" {rElec rF- Int+2 Dex+6}
 16722 | Lair:2   | Found a runed translucent door.
 16964 | Lair:2   | Learned a level 4 spell: Olgreb's Toxic Radiance
 17124 | Lair:2   | Found a staircase to the Swamp.
 17134 | Lair:2   | Reached skill level 1 in Poison Magic
 17997 | Lair:3   | Noticed Nergalle
 18245 | Lair:3   | Found a runed translucent door.
 18308 | Lair:3   | Learned a level 2 spell: Blink
 18318 | Lair:3   | Killed Nergalle
 18377 | Lair:3   | Reached skill level 10 in Fighting
 18680 | Lair:3   | Reached skill level 1 in Translocations
 19000 | Lair:3   | Found a runed translucent gate.
 19000 | Lair:3   | Found a runed translucent gate.
 19000 | Lair:3   | Found a runed translucent gate.
 19000 | Lair:3   | Found a runed translucent gate.
 19000 | Lair:3   | Found a runed translucent gate.
 19001 | Lair:3   | Found a runed translucent gate.
 19486 | Lair:4   | Reached *** piety under Sif Muna
 19563 | Lair:4   | Reached XP level 14. HP: 108/110 MP: 27/29
 19725 | Lair:4   | Found a staircase to the Slime Pits.
 20231 | Lair:4   | Found a viscous altar of Jiyva.
 20331 | Lair:5   | Entered Level 5 of the Lair of Beasts
 20421 | Lair:5   | Identified the +1 robe "Uhamuir" {rElec Str+5 Dex+4}
 20543 | Lair:5   | Reached skill level 5 in Poison Magic
 20566 | Lair:5   | Reached **** piety under Sif Muna
 21123 | Lair:5   | Reached skill level 13 in Ice Magic
 21346 | Lair:5   | Noticed an azure jelly
 21368 | Lair:5   | Reached skill level 1 in Invocations
 21734 | Lair:5   | Identified the +2 ring mail "Enorgh" {rElec rC+++ Will-
                  | MP+9 SInv}
 22363 | Lair:5   | Noticed a dire elephant
 22399 | Lair:5   | Killed a dire elephant
 22666 | Lair:5   | Noticed a dire elephant
 22760 | Lair:5   | Killed a dire elephant
 22761 | Lair:5   | Reached XP level 15. HP: 70/115 MP: 8/30
 22820 | Lair:5   | Identified the +0 cloak of Docrur {Int+6}
 23010 | Lair:5   | Learned a level 4 spell: Passage of Golubria
 23250 | Lair:5   | Killed an azure jelly
 23641 | Orc:1    | Entered Level 1 of the Orcish Mines
 24097 | Orc:1    | Noticed Fannar
 24153 | Orc:1    | Killed Fannar
 24154 | Orc:1    | Reached skill level 5 in Translocations
 24238 | Orc:1    | Found Xuotuph's Assorted Antiques.
 24241 | Orc:1    | Bought a potion of haste for 290 gold pieces
 24283 | Orc:2    | Entered Level 2 of the Orcish Mines
 24285 | Orc:2    | Found a staircase to the Elven Halls.
 24977 | Orc:2    | Reached ***** piety under Sif Muna
 25088 | Orc:2    | Received a gift from Sif Muna
 25090 | Orc:2    | Got Suyprim's Guide on Vapour {god gift}
 25093 | Orc:2    | Reached skill level 10 in Dodging
 25102 | Orc:2    | Learned a level 5 spell: Freezing Cloud
 25106 | Orc:2    | Learned a level 3 spell: Vhi's Electric Charge
 25538 | Orc:2    | Reached skill level 1 in Air Magic
 25653 | Orc:2    | Found Nifizeolao's Weapon Shoppe.
 25653 | Orc:2    | Found Rez Gaso's Antique Weapon Shoppe.
 25654 | Orc:2    | Found Poh Tynt's Distillery.
 25654 | Orc:2    | Found Puipsott's Assorted Antiques.
 25797 | D:12     | Bought a potion of curing for 48 gold pieces
 25920 | D:13     | Reached skill level 5 in Invocations
 26490 | D:13     | Found a gate to the Vaults.
 26644 | D:13     | Noticed Kirke
 26652 | D:13     | Killed Kirke
 27480 | D:14     | Reached XP level 16. HP: 122/122 MP: 32/32
 27812 | D:14     | Received a gift from Sif Muna
 27813 | D:14     | Got Momayg's Folio of Oromancy and Snow {god gift}
 27999 | D:14     | HP: 2/122 [skeletal warrior/+0 flail[a death knight] (19)]
 28004 | D:14     | HP: 6/122 [wraith[a death knight] (7)]
 28013 | D:14     | Reached skill level 1 in Earth Magic
 28293 | D:14     | Reached skill level 1 in Necromancy
 28293 | D:14     | Reached skill level 14 in Ice Magic
 28302 | D:14     | Slain by a skeletal warrior

Illustrated notes

Levels and vault maps discovered:
D:1:      dpeg_arrival_rhombus, layout_basic
D:2:      layout_basic
D:3:      layout_basic, overflow_temple_1_default, fedhas_altar_3, serial_shops,
          nicolae_shop_advertising_works [nicolae_subvault_shop_adworks],
          ebering_ghost_rock_garden, serial_bayou_pond_d,
          nicolae_elevator_lobby_plus
D:4:      layout_gridville, gammafunk_temple_overflow_arena, uniq_pargi,
          uniq_sigmund
D:5:      layout_gridville, mainiacjoe_overflow_alcove_1,
          nicolae_dithmenos_shadow_blocks, minmay_temple_entry_arrows,
          serial_shops, kennysheep_mini_moat, enter_ossuary_1, nicolae_wormholes
D:6:      layout_loops_ring, nicolae_overflow_hidden_temple,
          minmay_misc_feat_iff, grunt_decor_resistance, lightli_corner_chamber
D:7:      layout_basic, serial_shops, nicolae_stop_n_shop_2
D:8:      nicolae_cairo_tiling_large_dashed, layout_rooms,
          mainiacjoe_overflow_brackets, general_overflow_altar
D:9:      layout_cross, nicolae_overflow_crystal_walls,
          mainiacjoe_overflow_tiny_flanked, elyvilon_altar_3, slow_altar_1,
          nicolae_island_escapes
D:10:     layout_roguey, nicolae_sif_muna_little_library, serial_shops,
          nicolae_square_shop, minmay_fractal_squares_diagonal_5
D:11:     layout_roguey, hellmonk_lair_entry_icy, serial_shops,
          nicolae_shop_crystal, nzn_wu_jian_council_hall
D:12:     layout_cave_pools, david_orc_2, serial_shops, shop
D:13:     layout_loops_corners, erik_vaults_1, grunt_decor_cap, minmay_bent,
          uniq_kirke
D:14:     layout_basic, chequers_serial_rivers_micro_e, special_room
          [special_room_orc], grunt_ministairs_13, laboratory, uniq_jorgrun
Temple:   hellmonk_temple_of_storms
Lair:1:   layout_misc_corridors, basic_altar, serial_bayou_shore_a
Lair:2:   layout_cellular_growth, nicolae_swamp_entry_splash_gauntlet,
          minmay_snake_entry_guardpost_medium, pdpol_lair_cabin_in_the_woods,
          lemuel_fruit_tree
Lair:3:   gammafunk_indiana_jones, layout_regular_city, fungi_pond_lemuel,
          grunt_megastairs_2, uniq_nergalle
Lair:4:   layout_roguey, slime_entry_1
Lair:5:   hangedman_lair_in_review, layout_layer_cave, minivault_11,
          nicolae_quartered_pool_impasse, serial_bayou_ford_a,
          nicolae_lair_time_for_slime
Orc:1:    layout_caves, serial_shops, nicolae_shop_window_shopping,
          nicolae_orc_flooded_monolith, uniq_fannar
Orc:2:    st_orc_pillars, layout_caves

Skill      XL: |  1  2  3  4  5  6  7  8  9 10 11 12 13 14 15 16 |
---------------+-------------------------------------------------+-----
Stealth        | 3 |  3.0
Dodging        | 3 5 7 8 9 10 | 10.0
Ice Magic      | 5 6 7 8 9 10 11 12 13 14 | 14.0
Spellcasting   | 3 4 5 7 8 9 10 11 12 | 12.5
Conjurations   | 1 2 3 5 |  5.0
Fighting       | 3 5 7 9 10 | 10.0
Summonings     | 2 4 5 |  5.0
Poison Magic   | 4 7 9 |  9.9
Translocations | 2 4 5 |  5.0
Invocations    | 2 5 |  5.9
Air Magic      | 3 |  3.8
Earth Magic    | 1 |  1.1
Necromancy     | 1 |  1.1

Action                     |  1- 3 |  4- 6 |  7- 9 | 10-12 | 13-15 | 16-18 || total
---------------------------+-------+-------+-------+-------+-------+-------++-------
  Melee: Spear             |    28 |    60 |   102 |   155 |    33 |    27 ||   405
         Punch             |       |     1 |     3 |     3 |       |       ||     7
   Fire: Shortbow          |       |       |       |     3 |   341 |       ||   344
  Throw: Boomerang         |       |     2 |     1 |     5 |       |       ||     8
         Javelin           |       |       |       |     3 |     4 |       ||     7
   Cast: Freeze            |    30 |    31 |    32 |    24 |     7 |       ||   124
         Frozen Ramparts   |     2 |    16 |    44 |    62 |    93 |     8 ||   225
         Searing Ray       |       |     5 |    46 |    54 |    43 |    11 ||   159
         Ozocubu's Armour  |       |     1 |    19 |    42 |    61 |     9 ||   132
         Necrotise         |       |       |       |     5 |       |       ||     5
         Summon Ice Beast  |       |       |       |    21 |    43 |    11 ||    75
         Hailstorm         |       |       |       |       |    37 |     2 ||    39
         Olgreb's Toxic Ra |       |       |       |       |   117 |    17 ||   134
         Freezing Cloud    |       |       |       |       |    10 |     3 ||    13
         Passage of Golubr |       |       |       |       |     7 |       ||     7
         Blink             |       |       |       |       |     1 |       ||     1
 Invoke: Channel Magic     |       |       |       |       |     3 |       ||     3
  Evoke: Wand              |       |       |       |     5 |     5 |     2 ||    12
         Phantom mirror    |       |       |       |     1 |     2 |     1 ||     4
    Use: Scroll            |     3 |     2 |     8 |    19 |     4 |     1 ||    37
         Potion            |       |     1 |       |     3 |       |     3 ||     7
   Stab: Sleeping          |    10 |     1 |     3 |       |       |       ||    14
         Distracted        |     1 |       |       |     2 |       |       ||     3
 Armour: Robe              |     1 |    10 |    15 |       |       |       ||    26
         Leather armour    |       |       |     7 |   109 |   113 |       ||   229
         Ring mail         |       |       |       |       |    46 |    25 ||    71
  Dodge: Dodged            |    13 |    48 |    78 |   247 |   409 |    58 ||   853

Table legend: (Time is in decaauts)
 A = Elapsed time spent in this place.
 B = Non-inter-level travel time spent in this place.
 C = Inter-level travel time spent in this place.
 D = Time resting spent in this place.
 E = Time spent auto-exploring this place.
 F = Levels seen in this place.
 G = Mean time per level.
                   A        B        C        D        E       F      G
               +--------+--------+--------+--------+--------+-----+--------+
         Total |  28660 |  27100 |   1560 |   3056 |  18062 |  23 | 1246.1 |
       Dungeon |  17308 |  16129 |   1179 |   1445 |  11340 |  14 | 1236.3 |
        Temple |     40 |     40 |      0 |      0 |     28 |   1 |   40.0 |
          Lair |   8232 |   7893 |    339 |   1138 |   4974 |   5 | 1646.4 |
  Orcish Mines |   1977 |   1936 |     41 |    289 |   1041 |   2 |  988.5 |
       Ossuary |   1100 |   1100 |      0 |    184 |    678 |   1 | 1100.0 |
               +--------+--------+--------+--------+--------+-----+--------+

Top non-repeatable levels by time:
  Lair:5: 3267 daAuts
     D:4: 2078 daAuts
  Lair:3: 1728 daAuts
     D:7: 1552 daAuts
     D:6: 1503 daAuts
  Lair:2: 1486 daAuts
     D:3: 1467 daAuts
    D:13: 1439 daAuts
    D:11: 1421 daAuts
    D:12: 1310 daAuts
   Orc:2: 1156 daAuts
    D:10: 1117 daAuts
 Ossuary: 1100 daAuts
     D:9: 1100 daAuts
    D:14: 1093 daAuts
